 Dungeon Crawl Stone Soup version 0.31-a0-133-gaae73658be (webtiles) character file.

Game seed: 6070953323005455401

3168 jasper the Blocker (level 10, 0/79 HPs)
             Began as a Formicid Fighter on June 2, 2023.
             Was a Priest of Okawaru.
             Slain by a killer bee (8 damage)
             ... on level 7 of the Dungeon.
             The game lasted 00:11:04 (4998 turns).

jasper the Blocker (Formicid Fighter)               Turns: 4998, Time: 00:11:05

Health: 0/79       AC:  9    Str: 23    XL:     10   Next: 16%
Magic:  11/11      EV:  9    Int: 11    God:    Okawaru [***...]
Gold:   424        SH: 17    Dex: 16    Spells: 9/9 levels left

rFire   . . .        a - +0 war axe
rCold   . . .        z - +1 kite shield
rNeg    . . .        b - +0 scale mail
rPois   .            (helmet unavailable)
rElec   .            (no cloak)
rCorr   .            h - +0 pair of gloves
SInv    +            (no boots)
Will    ++...        d - amulet of reflection Stlth
                     (no ring)
HPRegen 0.33/turn    (no ring)
MPRegen 0.12/turn

%: reflection
@: mighty, lethally poisoned (0 -> -2), attractive, enlightened, flying
A: permanent stasis, dig shafts and tunnels, antennae 3, four strong arms,
hooves 1, agile 1, clever 1, inability to drink after injury 1
a: Dig, Shaft Self, Renounce Religion, Heroism


You were on level 7 of the Dungeon.
You worshipped Okawaru.
Okawaru was most pleased with you.
You visited 2 branches of the dungeon, and saw 8 of its levels.

You collected 424 gold pieces.

Inventory:

Hand Weapons
 a - a +0 war axe (weapon)
 m - a +0 whip of freezing
 t - a +0 morningstar of flaming
Missiles
 f - 47 stones
Armour
 b - a +0 scale mail (worn)
 h - a +0 pair of gloves (worn)
 u - an orb of energy
 z - a +1 kite shield (worn)
Jewellery
 d - an amulet of reflection (around neck)
 i - a ring of ice
 l - an amulet of guardian spirit
 q - a +6 ring of intelligence
Wands
 c - a wand of mindburst (5)
 e - a wand of digging (6)
 p - a wand of flame (2)
 s - a wand of paralysis (5)
Scrolls
 j - a scroll of magic mapping
 k - 2 scrolls of blinking
 v - a scroll of identify
Potions
 g - 2 potions of mutation
 o - a potion of berserk rage


   Skills:
 + Level 7.1 Fighting
 * Level 8.5 Axes
 - Level 3.0 Throwing
 + Level 7.2 Armour
 + Level 8.7 Shields
 - Level 2.0 Invocations


You had 9 spell levels left.
You didn't know any spells.
Your spell library contained the following spells:

 Spells                   Type           Power      Damage    Failure   Level
 Magic Dart               Conj           0%         1d3       83%         1
 Sting                    Tmut/Pois      0%         1d3       83%         1
 Poisonous Vapours        Pois/Air       0%         N/A       92%         2
 Mephitic Cloud           Conj/Pois/Air  0%         N/A       99%         3
 Olgreb's Toxic Radiance  Pois           0%         N/A       100%        4
 Call Imp                 Summ           Unusable   N/A       N/A         2

Dungeon Overview and Level Annotations

Branches:
Dungeon (7/15)             Temple (1/1) D:4

Altars:
Ashenzari
Cheibriados
Dithmenos
Elyvilon
Fedhas
Hepliaklqana
Kikubaaqudgha
Makhleb
Nemelex Xobeh
Okawaru
Qazlal
Trog
Uskayaw
Yredelemnul

Shops:
D:1 *(   D:3 (:

Annotations:
D:4 Edmund, Sigmund
D:5 1 runed translucent door, Crazy Yiuf


Innate Abilities, Weirdness & Mutations

You cannot be hasted, slowed, berserked, paralysed or teleported.
You can dig through walls and to a lower floor.
You have a pair of large antennae on your head. (SInv)
Your four strong arms can wield two-handed weapons with a shield.
You have large cloven feet.
You are agile. (Dex +4, Str/Int -1)
Your mind is acute. (Int +4, Str/Dex -1)
You occasionally lose the ability to drink potions when taking damage.


Message History

You take 6 damage, and have 20/79 hp.
You slice the killer bee!!
You kill the killer bee!
Okawaru accepts your kill.
You feel very sick. You block the killer bee's attack.
The hound bites you but does no damage.
You take 4 damage, and have 16/79 hp.
You barely miss the killer bee. Your kick misses the killer bee.
The killer bee is lightly wounded.
You slash the hound!
You feel sick. The killer bee stings you.
* * * LOW HITPOINT WARNING * * *
You block the hound's attack.
The killer bee stings you but does no damage.
The hound bites you but does no damage.
You take 3 damage, and have 13/79 hp.
It was a potion of enlightenment.
You feel very buoyant.
You fly up into the air.
You feel sick. The killer bee barely misses you. The killer bee misses you.
The hound bites you but does no damage.
You take 2 damage, and have 11/79 hp.
It was a potion of attraction.
You feel attractive to monsters.
You feel sick. You block the killer bee's attack. You block the hound's attack.
The killer bee barely misses you. The hound bites you but does no damage.
You take 2 damage, and have 9/79 hp.
Okay, then.
Unknown command.
Unknown command.
You slash the killer bee!
You kill the killer bee!
Okawaru accepts your kill.
You closely miss the hound.
You feel sick. You block the killer bee's attack. You block the hound's attack.
The killer bee completely misses you.
You slash the killer bee! Your kick misses the killer bee.
The killer bee is severely wounded.
You slash the hound!
You kill the hound!
Okawaru accepts your kill.
You feel sick. You block the killer bee's attack. The killer bee stings you!
You die...

..............>##........
#...#..........##.....).. #
#...#..........##........ #.
#...#..........##........
##$.##...#..........##........
.........#..........##........
##......##+##....#...........
#..........###........#######
#.........yy@.........# #
#(...###.####.......### #
#.... #.# .........#.....###
##... ###....###...#.....#<)
#.. #..#.. #...#.....#.# ...
#..... #...#.....#). #......
...#.....#). #.##.<.
.#.....##. #.....###


You could see 2 killer bees.

Vanquished Creatures
  Pikel (D:5)
  Maggie (D:7)
  Grinder (D:5)
  Eustachio (D:5)
  Pargi (D:4)
  An ice beast (D:7)
  4 black bears
  2 lemures (D:5)
  2 phantoms (D:6)
  A kobold brigand (D:6)
  2 bullfrogs
  7 scorpions
  3 killer bees (D:7)
  4 howler monkeys
  2 hounds
  A gnoll bouda (D:7)
  2 sleepcaps
  4 iguanas
  3 orc wizards (D:6)
  A mummy (D:5)
  7 adders
  3 gnolls (D:7)
  3 worms
  2 dart slugs
  9 orcs
  8 ball pythons
  8 endoplasms
  7 giant cockroaches
  9 goblins
  10 hobgoblins
  2 jackals (D:2)
  3 quokkas
  5 bats
  5 frilled lizards
  2 goblin zombies (D:5)
  13 kobolds
  4 rats
  A butterfly (D:4)
145 creatures vanquished.

Notes
Turn   | Place    | Note
-------+----------+-------------------------------------------
     0 | D:1      | jasper the Formicid Fighter began the quest for the Orb.
     0 | D:1      | Reached XP level 1. HP: 18/18 MP: 1/1
    86 | D:1      | Found Iclouhaes's General Store.
   132 | D:1      | Reached XP level 2. HP: 24/24 MP: 2/2
   370 | D:1      | Reached XP level 3. HP: 27/29 MP: 3/3
   490 | D:1      | Found Lappehacaul's Weapon Shoppe.
   964 | D:2      | Noticed a black bear
   977 | D:2      | Killed a black bear
   978 | D:2      | Reached XP level 4. HP: 17/37 MP: 4/4
   978 | D:2      | Reached XP level 5. HP: 19/42 MP: 5/5
   999 | D:2      | Reached skill level 5 in Shields
  1617 | D:3      | Found Qaluy's Antique Weapon Emporium.
  1626 | D:3      | Reached XP level 6. HP: 48/48 MP: 6/6
  1704 | D:3      | Found Ryqe's Book Boutique.
  1725 | D:3      | Noticed an ogre
  1770 | D:4      | Found a staircase to the Ecumenical Temple.
  1791 | D:4      | Gained mutation: You have large cloven feet. [potion of
                  | mutation]
  1791 | D:4      | Gained mutation: You occasionally lose the ability to drink
                  | potions when taking damage. [potion of mutation]
  1791 | D:4      | Gained mutation: You are agile. (Dex +4, Str/Int -1)
                  | [potion of mutation]
  1791 | D:4      | Gained mutation: Your mind is acute. (Int +4, Str/Dex -1)
                  | [potion of mutation]
  1802 | D:4      | Noticed Pargi
  1805 | Temple   | Entered the Ecumenical Temple
  1965 | Temple   | Became a worshipper of Warmaster Okawaru
  2007 | D:4      | Killed Pargi
  2008 | D:4      | Reached XP level 7. HP: 20/55 MP: 7/7
  2199 | D:4      | Found a basalt altar of Yredelemnul.
  2237 | D:4      | Reached skill level 5 in Axes
  2314 | D:4      | Noticed Sigmund
  2316 | D:4      | Noticed Edmund
  2358 | D:5      | Entered Level 5 of the Dungeon
  2368 | D:5      | Found a burning altar of Makhleb.
  2421 | D:5      | Reached skill level 5 in Fighting
  2421 | D:5      | Reached skill level 5 in Armour
  2454 | D:5      | Found a hazy altar of Hepliaklqana.
  2459 | D:5      | Found a blossoming altar of Fedhas.
  2511 | D:5      | Noticed Eustachio
  2536 | D:5      | Killed Eustachio
  2537 | D:5      | Reached XP level 8. HP: 38/62 MP: 8/8
  2558 | D:5      | Noticed Pikel
  2682 | D:5      | HP: 2/62 [Pikel/+0 whip of freezing (3)]
  2683 | D:5      | Killed Pikel
  2683 | D:5      | Reached * piety under Okawaru
  3023 | D:5      | Found an ancient bone altar of Kikubaaqudgha.
  3045 | D:5      | Noticed Grinder
  3068 | D:5      | Killed Grinder
  3068 | D:5      | Reached ** piety under Okawaru
  3069 | D:5      | Reached XP level 9. HP: 51/69 MP: 9/9
  3254 | D:5      | Found a runed translucent door.
  3255 | D:5      | Noticed Crazy Yiuf
  3755 | D:6      | Reached skill level 1 in Invocations
  4410 | D:6      | Reached *** piety under Okawaru
  4535 | D:6      | Found a bloodstained altar of Trog.
  4613 | D:7      | Found a hide-covered altar of Uskayaw.
  4613 | D:7      | Found a shadowy altar of Dithmenos.
  4613 | D:7      | Found a stormy altar of Qazlal.
  4630 | D:7      | Reached skill level 1 in Throwing
  4653 | D:7      | Noticed Maggie
  4672 | D:7      | Killed Maggie
  4673 | D:7      | Reached XP level 10. HP: 14/79 MP: 11/11
  4998 | D:7      | Slain by a killer bee

Illustrated notes

Levels and vault maps discovered:
D:1:      evilmike_arrival_fibonacci_small, layout_loops_ring, serial_shops,
          nicolae_shop_tiny_statue_garden, nicolae_shop_behind_doors,
          st_stairs_4, minmay_worlds_worst_comb
D:2:      layout_basic, hangedman_decor_opposing, hangedman_decor_push,
          minmay_diced_spiral
D:3:      layout_loops_cross, nicolae_ru_awakened_eye, serial_shops, shop, shop,
          shop_statue, nicolae_shop_statue_plus, shop_statue,
          basic_ecumenical_altar, hangedman_decor_slide_cut, chequers_garden,
          serial_bayou_crossing, uniq_ijyb
D:4:      layout_rooms, kennysheep_mini_moat, overflow_temple_1_default,
          zin_statuary, minmay_temple_entry_butterflies,
          sigmund_edmund_badplayer, uniq_pargi
D:5:      layout_loops_ring, mainiacjoe_overflow_catch_the_wave,
          overflow_temple_1_default, bloody_makhleb, nicolae_ossuary_entry_giza,
          uniq_pikel, uniq_crazy_yiuf_cottage, uniq_grinder, uniq_eustachio,
          uniq_edmund
D:6:      layout_rooms, trog_ov_bears_minmay, minmay_door_square,
          kennysheep_small_circle
D:7:      layout_basic, nicolae_overflow_crystal_walls,
          chequers_temple_overflow_statue_of_worship, enter_bailey_5,
          water_maze_lemuel, uniq_maggie
Temple:   nicolae_temple_godpark

Skill      XL: |  1  2  3  4  5  6  7  8  9 |
---------------+----------------------------+-----
Fighting       | 4 5 6 7 |  7.1
Axes           | 3 4 5 6 8 |  8.5
Armour         | 4 5 6 7 |  7.2
Shields        | 5 6 7 8 |  8.7
Invocations    | 2 |  2.0
Throwing       | 3 |  3.0

Action                     |  1- 3 |  4- 6 |  7- 9 | 10-12 || total
---------------------------+-------+-------+-------+-------++-------
  Melee: War axe           |   112 |    91 |   251 |    24 ||   478
         Kick              |       |     4 |    69 |     7 ||    80
Ability: Dig               |     1 |     1 |     1 |     1 ||     4
    Use: Potion            |     1 |     4 |     2 |     3 ||    10
         Scroll            |     1 |     2 |     8 |       ||    11
 Armour: Scale mail        |    50 |    56 |   100 |    11 ||   217
  Dodge: Dodged            |    72 |    48 |    86 |    21 ||   227
  Block: Buckler           |    37 |    23 |   108 |       ||   168
         Kite shield       |       |       |    76 |    52 ||   128
         Reflection        |       |       |     2 |       ||     2

Table legend: (Time is in decaauts)
 A = Elapsed time spent in this place.
 B = Non-inter-level travel time spent in this place.
 C = Inter-level travel time spent in this place.
 D = Time resting spent in this place.
 E = Time spent auto-exploring this place.
 F = Levels seen in this place.
 G = Mean time per level.
                   A        B        C        D        E       F      G
               +--------+--------+--------+--------+--------+-----+--------+
         Total |   5141 |   5035 |    106 |    716 |   2904 |   8 |  642.6 |
       Dungeon |   4961 |   4869 |     92 |    716 |   2755 |   7 |  708.7 |
        Temple |    179 |    165 |     14 |      0 |    149 |   1 |  179.0 |
               +--------+--------+--------+--------+--------+-----+--------+

Top non-repeatable levels by time:
     D:5: 1589 daAuts
     D:1: 946 daAuts
     D:6: 916 daAuts
     D:2: 760 daAuts
     D:4: 433 daAuts
     D:7: 185 daAuts
  Temple: 179 daAuts
     D:3: 129 daAuts
